[Event "45th FIDE Womens Olympiad 2024"]
[Site "Budapest"]
[Date "2024.09.16"]
[Round "6.108"]
[White "Popovic, Mateja"]
[Black "Briem, Gudrun Fanney"]
[Result "1-0"]
[ECO "D13"]
[WhiteElo "1932"]
[BlackElo "1764"]
[Annotator "NA"]
[PlyCount "79"]
[EventDate "2024.09.05"]
[EventType "team-tourn"]
[EventCountry "HUN"]
[SourceTitle "playchess.com"]
[Source "ChessBase"]
[SourceQuality "1"]
[WhiteTeam "Montenegro"]
[BlackTeam "Iceland"]
[WhiteTeamCountry "MNE"]
[BlackTeamCountry "ISL"]
[TimeControl "40/5400+30:1800+30"]

1. d4 d5 2. c4 c6 3. cxd5 cxd5 4. Nc3 Nf6 5. Nf3 Nc6 6. Bf4 a6 7. e3 Bf5 8. Qb3 Na5 9. Qa4+ Bd7 10. Qc2 e6 11. Bd3 Be7 12. O-O O-O 13. Ne5 Rc8 14. Rac1 b5 15. a3 Nc4 16. Qe2 h6 17. e4 Nxe4 18. Nxe4 dxe4 19. Qxe4 f5 20. Qb7 Nxe5 21. Bxe5 Rxc1 22. Rxc1 Bc8 23. Rxc8 Qxc8 24. Qxe7 Rf7 25. Qc5 Qd7 26. h3 Rf8 27. Qb6 Qc8 28. Kh2 Rf7 29. Qc5 Qb7 30. Be2 Rf8 31. Bf3 Qd7 32. Bc6 Qc8 33. Qd6 Kh7 34. Qe7 Rg8 35. Bd7 Qb7 36. Qxe6 Rd8 37. Qxf5+ Kh8 38. Be6 b4 39. Qg6 b3 40. Qxh6# 1-0

[Event "45th FIDE Womens Olympiad 2024"]
[Site "Budapest"]
[Date "2024.09.16"]
[Round "6.109"]
[White "Terao, Juliana Sayumi"]
[Black "Shohradova, Lala"]
[Result "1/2-1/2"]
[ECO "B22"]
[WhiteElo "2161"]
[BlackElo "2030"]
[Annotator "TA"]
[PlyCount "179"]
[EventDate "2024.09.05"]
[EventType "team-tourn"]
[EventCountry "HUN"]
[SourceTitle "playchess.com"]
[Source "ChessBase"]
[SourceQuality "1"]
[WhiteTeam "Brazil"]
[BlackTeam "Turkmenistan"]
[WhiteTeamCountry "BRA"]
[BlackTeamCountry "TKM"]
[TimeControl "40/5400+30:1800+30"]

1. e4 e6 2. d4 d5 3. Nd2 c5 4. exd5 Qxd5 5. dxc5 Qxc5 6. Ngf3 Nf6 7. Bd3 Be7 8. O-O Nbd7 9. Qe2 O-O 10. c3 b6 {B22: Sicilian: 2 c3.} 11. Ne4 Qc7 12. Ng3 $146 ({Predecessor:} 12. Nxf6+ Nxf6 13. Be3 Bb7 14. Bd4 Rfd8 15. Rfe1 Rd5 16. Ne5 Bd6 17. h3 Rd8 18. f4 Bc5 19. Bxc5 Qxc5+ 20. Kh2 Qc7 21. Rad1 g6 22. Qf2 Nh5 23. g3 f6 {0-1 Wang,H (2722)-Shankland,S (2710) Gashimov Memorial Blitz 8th 2022 (4)}) 12... Bb7 13. Bc2 Rfd8 14. Nd4 Bc5 15. Be3 Nd5 16. Ne4 Bxd4 17. Bxd4 f5 18. Ng5 Nf4 19. Qe3 Nf8 20. Be5 Qc6 21. f3 Nd5 22. Qf2 h6 23. Nh3 Ng6 24. Rfe1 b5 25. Qg3 Kh7 26. a3 a5 27. Bd4 b4 28. axb4 axb4 29. Rxa8 Bxa8 30. Bb3 Rd7 31. cxb4 Nf8 32. Bc5 Ng6 33. Qb8 Bb7 34. Qg3 e5 35. Qf2 Qf6 36. Bc2 Ngf4 37. Nxf4 Nxf4 38. Qe3 $2 (38. b5 $14) 38... Qg5 $1 $19 39. g3 Nh3+ 40. Kh1 Qg4 $2 (40... Rd2 $19 41. Bd3 Qxe3 (41... Rxb2 $2 42. Re2 $19) (41... Nf2+ $2 42. Qxf2 Rxf2 43. Bxf2 $19) 42. Bxf5+ g6 43. Bxg6+ Kxg6 44. Rxe3 Ng5 (44... Rxb2 $2 45. Rd3 $19)) 41. Be4 $1 $11 Bxe4 42. Qxe4 Qh5 43. Qe3 (43. Qxe5 $2 Qxf3#) 43... Ng5 44. Rf1 Qh3 45. Ra1 $2 {[#]} (45. Rg1 $1 $11 {and White stays safe.}) 45... e4 $1 $19 46. fxe4 Nxe4 47. Qf3 (47. Bd4 $2 Rxd4 48. Rg1 Rd2 $19 (48... Rxb4 $2 49. Rg2 $19) (48... Rxb4 $2 49. Rg2 $19)) 47... Rd2 (47... Nxc5 $19 48. bxc5 Rd2) 48. Bg1 $17 Rxb2 49. Rd1 Rc2 (49... Ng5 $1 $19 {[%cal Rg5f3] is more deadly.} 50. Qf1 Rxb4 (50... Qg4 $2 51. Qd3 $19) 51. Qxh3 Nxh3) 50. b5 $17 Rc3 51. Be3 Rc2 52. Bg1 Ng5 (52... Kg6 {seems wilder.} 53. b6 h5 54. b7 Rb2) 53. Qf1 Qg4 54. Rd4 Ne4 55. Rd3 Rb2 (55... Qg6 {simplifies} 56. b6 Rb2 57. Re3 Rxb6 58. Rxe4 fxe4 59. Bxb6 Qxb6 60. Qe2 Qd4) 56. b6 {[#]} Nd2 ({Black should play} 56... Qg6 $1 $17) 57. Qf4 $11 Qg6 58. Rd6 (58. Rxd2 $2 Qc6+) 58... Qf7 $1 59. Qd4 $1 (59. Qe5 $2 Nc4 60. Qd5 Nxd6 61. Qxf7 Nxf7 $19) 59... Qh5 60. g4 (60. Rxh6+ $2 Qxh6 61. Qd5 Qh5 $19) 60... Qh3 (60... Qxg4 61. Qxg4 fxg4 62. b7 Rxb7 63. Rxd2 $18) 61. Qf4 (61. Qxb2 $2 Qf3#) ({Avoid the trap} 61. Qf2 $2 Qxg4 62. Rd4 Qf3+ 63. Qxf3 Nxf3 $19) 61... Qxg4 (61... Qf3+ $1 $11 62. Qxf3 Nxf3 63. gxf5 Rb1) 62. Qxg4 $14 fxg4 63. Bd4 (63. b7 $1 $14 Rxb7 64. Rxd2) 63... Rb1+ $11 64. Kg2 Nf3 65. Bc3 Rb3 66. Rc6 $1 Ng5 67. Bd4 Rb4 68. Bc5 Rb2+ 69. Kg3 Ne4+ 70. Kxg4 Nxc5 71. Rxc5 Rxb6 72. h4 Rb4+ 73. Kg3 Kg6 74. Ra5 Rb3+ 75. Kg4 h5+ 76. Kf4 $1 Kh6 77. Ra4 Rh3 78. Kf5 Rf3+ 79. Ke5 Rg3 80. Kf5 g6+ 81. Ke5 $1 Rg1 82. Rf4 g5 83. Rf6+ Kg7 84. Rf5 Kg6 85. Rf6+ Kg7 86. Rf5 Re1+ (86... Kg6 $5 87. Rf6+ $8 Kg7 $11) 87. Kd4 gxh4 88. Rxh5 Ra1 89. Ke3 Kg6 90. Rxh4 1/2-1/2

[Event "45th FIDE Womens Olympiad 2024"]
[Site "Budapest"]
[Date "2024.09.16"]
[Round "6.110"]
[White "Agajanova, Meryem"]
[Black "Alboredo, Julia"]
[Result "1/2-1/2"]
[ECO "E00"]
[WhiteElo "2007"]
[BlackElo "2127"]
[Annotator "NA"]
[PlyCount "92"]
[EventDate "2024.09.05"]
[EventType "team-tourn"]
[EventCountry "HUN"]
[SourceTitle "playchess.com"]
[Source "ChessBase"]
[SourceQuality "1"]
[WhiteTeam "Turkmenistan"]
[BlackTeam "Brazil"]
[WhiteTeamCountry "TKM"]
[BlackTeamCountry "BRA"]
[TimeControl "40/5400+30:1800+30"]

1. d4 Nf6 2. c4 e6 3. g3 d5 4. Bg2 Bb4+ 5. Bd2 Be7 6. Nf3 Nbd7 7. O-O c6 8. Qc2 Ne4 9. Bc3 f5 10. Nbd2 a5 11. Rad1 O-O 12. b3 Nxc3 13. Qxc3 g5 14. Qe3 Kf7 15. Qd3 Bd6 16. cxd5 cxd5 17. Nb1 g4 18. Ne1 Nf6 19. e3 b5 20. Qc2 b4 21. Nd3 Ba6 22. Rfe1 h5 23. Nf4 Rc8 24. Qb2 h4 25. Nd2 Rh8 26. Rc1 hxg3 27. hxg3 Qf8 28. Rxc8 Bxc8 29. Qc2 Bd7 30. Qd3 Qh6 31. Nf1 Ne4 32. Qa6 Ke7 33. Qxa5 Ng5 34. Nd2 Qh2+ 35. Kf1 Rb8 36. Ke2 Bxf4 37. exf4 Qxg2 38. fxg5 f4 39. Qc5+ Ke8 40. Qc7 f3+ 41. Kd1 Rc8 42. Qd6 Qxf2 43. Rxe6+ Bxe6 44. Qxe6+ Kd8 45. Qd6+ Ke8 46. Qe6+ Kd8 1/2-1/2

[Event "45th FIDE Womens Olympiad 2024"]
[Site "Budapest"]
[Date "2024.09.16"]
[Round "6.111"]
[White "Tamarozi, Isabelle"]
[Black "Shohradova, Leyla"]
[Result "0-1"]
[ECO "C16"]
[WhiteElo "2059"]
[BlackElo "1873"]
[Annotator "NA"]
[PlyCount "100"]
[EventDate "2024.09.05"]
[EventType "team-tourn"]
[EventCountry "HUN"]
[SourceTitle "playchess.com"]
[Source "ChessBase"]
[SourceQuality "1"]
[WhiteTeam "Brazil"]
[BlackTeam "Turkmenistan"]
[WhiteTeamCountry "BRA"]
[BlackTeamCountry "TKM"]
[TimeControl "40/5400+30:1800+30"]

1. e4 e6 2. d4 d5 3. Nc3 Bb4 4. e5 Ne7 5. a3 Bxc3+ 6. bxc3 b6 7. h4 Ba6 8. h5 h6 9. Qg4 Bxf1 10. Kxf1 Nf5 11. a4 Nc6 12. Ne2 Qd7 13. Nf4 O-O-O 14. g3 Na5 15. Kg2 Nc4 16. Re1 a5 17. Kh2 Rdg8 18. Qe2 g6 19. Rb1 g5 20. Nd3 Qxa4 21. g4 Ne7 22. Be3 Qc6 23. Ra1 Rf8 24. Bc1 f6 25. Ba3 Nxa3 26. exf6 Qd6+ 27. Ne5 Rxf6 28. Qa6+ Kd8 29. Rxa3 Qxa3 30. Qa8+ Nc8 31. Nc6+ Kd7 32. Ne5+ Ke7 33. Ng6+ Rxg6 34. hxg6 Qd6+ 35. Kg2 Kd7 36. Re5 Rg8 37. Qa6 Ne7 38. Qb5+ Qc6 39. Qb3 Nxg6 40. Re3 Nf4+ 41. Kg1 Ra8 42. Qa3 Qd6 43. Qa4+ c6 44. c4 dxc4 45. c3 b5 46. Qc2 Nd3 47. Qe2 Rf8 48. f3 a4 49. Qg2 a3 50. Kh1 Qf4 0-1

[Event "45th FIDE Womens Olympiad 2024"]
[Site "Budapest"]
[Date "2024.09.16"]
[Round "6.112"]
[White "Arazmedova, Enesh"]
[Black "Dias, Clara"]
[Result "1-0"]
[ECO "B99"]
[WhiteElo "1761"]
[BlackElo "1954"]
[Annotator "NA"]
[PlyCount "103"]
[EventDate "2024.09.05"]
[EventType "team-tourn"]
[EventCountry "HUN"]
[SourceTitle "playchess.com"]
[Source "ChessBase"]
[SourceQuality "1"]
[WhiteTeam "Turkmenistan"]
[BlackTeam "Brazil"]
[WhiteTeamCountry "TKM"]
[BlackTeamCountry "BRA"]
[TimeControl "40/5400+30:1800+30"]

1. e4 c5 2. Nf3 d6 3. d4 cxd4 4. Nxd4 Nf6 5. Nc3 a6 6. Bg5 e6 7. f4 Be7 8. Qf3 Qc7 9. O-O-O Nbd7 10. g4 b5 11. Bxf6 Nxf6 12. g5 Nd7 13. f5 Bxg5+ 14. Kb1 Ne5 15. Qh5 Bf6 16. Nxe6 Bxe6 17. fxe6 O-O 18. Nd5 Qd8 19. Bh3 fxe6 20. Bxe6+ Kh8 21. Nxf6 Rxf6 22. Bd5 Rc8 23. Rhf1 Rg6 24. Qe2 Qe7 25. Rf5 h6 26. Rdf1 Rb8 27. h4 Kh7 28. Qf2 Ng4 29. Qf4 Qxh4 30. e5 dxe5 31. Qe4 Qg3 32. Bf7 Nf6 33. Bxg6+ Qxg6 34. Qxe5 Rd8 35. a3 Rd2 36. Qc7 Rd7 37. Qc6 Re7 38. Qxa6 Re1+ 39. Ka2 Qf7+ 40. b3 Re2 41. Kb2 Qc7 42. Rc1 Ne4 43. Qxb5 Qc3+ 44. Kb1 Qh3 45. Rc5 Qe3 46. Rc7 Nd2+ 47. Ka2 Rg2 48. Qf5+ Rg6 49. Rc6 Qg3 50. Rd1 Nf3 51. Rd3 Qg2 52. Rxf3 1-0

[Event "45th FIDE Womens Olympiad 2024"]
[Site "Budapest"]
[Date "2024.09.16"]
[Round "6.113"]
[White "Martynkova, Olena"]
[Black "Caxita, Esperanca"]
[Result "1-0"]
[ECO "D15"]
[WhiteElo "2176"]
[BlackElo "1932"]
[Annotator "TA"]
[PlyCount "73"]
[EventDate "2024.09.05"]
[EventType "team-tourn"]
[EventCountry "HUN"]
[SourceTitle "playchess.com"]
[Source "ChessBase"]
[SourceQuality "1"]
[WhiteTeam "Lithuania"]
[BlackTeam "Angola"]
[WhiteTeamCountry "LTU"]
[BlackTeamCountry "ANG"]
[TimeControl "40/5400+30:1800+30"]

1. d4 d5 2. Nf3 Nf6 3. c4 c6 4. Nc3 a6 5. c5 Nbd7 6. Bf4 g6 7. h3 Bg7 8. e3 O-O 9. Bd3 {Wards off Ne4} Re8 10. g4 {Against Nh5} b6 11. cxb6 {The position is equal.} Qxb6 12. O-O Bb7 (12... h5 $11) 13. Na4 $14 Qa7 14. Rc1 Rac8 15. b4 Nb6 (15... a5 $11 {keeps the balance.}) 16. Ne5 Nfd7 17. Nc5 $1 {White is much more active.} Bxe5 18. dxe5 ({Better is} 18. Bxe5 $16 Nxe5 19. dxe5) 18... Nxc5 $1 $11 19. bxc5 {Black is weak on the dark squares} Nd7 20. Qc2 {[%cal Oe5e6] Threatens to win with e6!} e6 $1 21. Qc3 $36 {[%mdl 2048] White is more active.} a5 22. e4 a4 23. Bh6 Ba6 $2 {[#] This costs Black the game.} (23... Rc7 $14) 24. Bxa6 $1 $18 Qxa6 {[#]} 25. exd5 $1 Qb7 (25... cxd5 {was worth a try.} 26. c6 Nb8) 26. dxe6 Rxe6 27. f4 Qc7 28. Rfd1 Nf8 (28... Rce8 $142 29. Qd4 Nf8 30. Qxa4 Qe7) 29. Rd6 Rce8 30. f5 {White is clearly winning.} gxf5 (30... Rxe5 $142 31. Bf4 R5e7 32. Rxg6+ hxg6 33. Bxc7 Rxc7) 31. gxf5 {And now Bxf8 would win.} Rxh6 32. Rxh6 Qxe5 33. Qxe5 Rxe5 34. Rxc6 {aiming for Rc8.} Rxf5 {KRR-KRN} 35. Rc8 {Threatening mate with c6.} Kg7 36. c6 (36. Rxf8 $142 Kxf8 37. c6) 36... Ne6 37. c7 {Weighted Error Value: White=0.14 (very precise) /Black=0.44.  Loses game:     	---       	Black=1      Mistake:       	White=1     	Black=5      Inaccurate:     	White=2     	Black=2      OK:         	White=8     	Black=7      Best:        	White=1     	---        Strong:       	White=3     	Black=2} 1-0

[Event "45th FIDE Womens Olympiad 2024"]
[Site "Budapest"]
[Date "2024.09.16"]
[Round "6.114"]
[White "Junior, Ednasia"]
[Black "Limontaite, Simona"]
[Result "1/2-1/2"]
[ECO "B30"]
[WhiteElo "1888"]
[BlackElo "2177"]
[Annotator "TA"]
[PlyCount "63"]
[EventDate "2024.09.05"]
[EventType "team-tourn"]
[EventCountry "HUN"]
[SourceTitle "playchess.com"]
[Source "ChessBase"]
[SourceQuality "1"]
[WhiteTeam "Angola"]
[BlackTeam "Lithuania"]
[WhiteTeamCountry "ANG"]
[BlackTeamCountry "LTU"]
[TimeControl "40/5400+30:1800+30"]

1. e4 c5 2. Nf3 Nc6 3. c4 e5 4. g3 g6 5. Bg2 Bg7 6. d3 Nge7 7. Be3 d6 8. Qd2 h6 9. Nc3 Rb8 10. Rc1 a6 11. O-O b5 12. b3 Nd4 13. Ne1 O-O 14. f4 ({Reject} 14. Bxh6 Bxh6 15. Qxh6 b4 $15) 14... exf4 15. Bxf4 g5 16. Be3 Ng6 (16... Bg4 $11 {might be stronger.} 17. Nf3 Bxf3 18. Bxf3 b4) 17. Kh1 Be6 18. Nd5 a5 19. Nf3 Nxf3 20. Rxf3 Ne5 21. Rff1 a4 22. d4 cxd4 23. Bxd4 axb3 24. axb3 bxc4 25. bxc4 Rb3 26. c5 {[#] Threatens to win with Qc2.} dxc5 (26... Rd3 {is more complex.} 27. Qb2 Nc4 28. Rxc4 Rxd4 29. Rxd4 dxc5 30. Nf6+ Qxf6 31. Rxf6 Bxf6 32. Bf1 Bxd4 33. Qb6 Ra8) 27. Bxc5 Rd3 28. Qc2 Re8 29. Rf2 Kh8 30. Bf1 (30. Qb1 $11) 30... Rf3 ({Better is} 30... Rxd5 $17 31. exd5 Bxd5+ 32. Kg1 (32. Bg2 Nd3 $17) 32... Nf3+ 33. Rxf3 Bxf3) 31. Rxf3 Nxf3 32. Rd1 {Weighted Error Value: White=0.13 (very precise) /Black=0.12 (very precise) .  Mistake:       	White=1     	Black=2      Inaccurate:     	White=3     	Black=2      OK:         	White=8     	Black=10     Best:        	---       	Black=1} 1/2-1/2

[Event "45th FIDE Womens Olympiad 2024"]
[Site "Budapest"]
[Date "2024.09.16"]
[Round "6.115"]
[White "Simkunaite, Gabija"]
[Black "Pires, Luzia"]
[Result "0-1"]
[ECO "B22"]
[WhiteElo "2005"]
[BlackElo "1877"]
[Annotator "NA"]
[PlyCount "88"]
[EventDate "2024.09.05"]
[EventType "team-tourn"]
[EventCountry "HUN"]
[SourceTitle "playchess.com"]
[Source "ChessBase"]
[SourceQuality "1"]
[WhiteTeam "Lithuania"]
[BlackTeam "Angola"]
[WhiteTeamCountry "LTU"]
[BlackTeamCountry "ANG"]
[TimeControl "40/5400+30:1800+30"]

1. e4 c5 2. c3 d5 3. exd5 Qxd5 4. d4 cxd4 5. cxd4 Nc6 6. Nf3 e6 7. Nc3 Bb4 8. Bd2 Qd8 9. Bb5 Nge7 10. O-O O-O 11. Bg5 Qa5 12. Bxc6 Nxc6 13. Ne2 h6 14. a3 Be7 15. b4 Qf5 16. Ng3 Qd5 17. Bxe7 Nxe7 18. Re1 Bd7 19. Re5 Qd6 20. Ne4 Qb6 21. Rh5 Bc6 22. Qd3 Rfd8 23. Rc5 a6 24. Ned2 Rd5 25. Nc4 Qd8 26. Rxd5 Bxd5 27. Rd1 Rc8 28. Nce5 Rc7 29. b5 axb5 30. Qxb5 Qc8 31. h3 Rc3 32. Qb4 Nf5 33. Kh2 Qc7 34. Kg1 Rb3 35. Qa4 b5 36. Qa6 Qc2 37. Rf1 f6 38. Ng4 Rxf3 39. gxf3 Nxd4 40. Kh2 Nxf3+ 41. Kg3 Qc7+ 42. Kg2 h5 43. Rd1 hxg4 44. Rxd5 Qh2+ 0-1

[Event "45th FIDE Womens Olympiad 2024"]
[Site "Budapest"]
[Date "2024.09.16"]
[Round "6.116"]
[White "Felicidade, Felicia"]
[Black "Sibajeva, Marija"]
[Result "0-1"]
[ECO "B41"]
[WhiteElo "1743"]
[BlackElo "2007"]
[Annotator "NA"]
[PlyCount "78"]
[EventDate "2024.09.05"]
[EventType "team-tourn"]
[EventCountry "HUN"]
[SourceTitle "playchess.com"]
[Source "ChessBase"]
[SourceQuality "1"]
[WhiteTeam "Angola"]
[BlackTeam "Lithuania"]
[WhiteTeamCountry "ANG"]
[BlackTeamCountry "LTU"]
[TimeControl "40/5400+30:1800+30"]

1. e4 c5 2. Nf3 e6 3. d4 cxd4 4. Nxd4 a6 5. c4 Nf6 6. Qd3 Qc7 7. Be2 Nc6 8. Nxc6 dxc6 9. Nc3 Be7 10. Be3 O-O 11. O-O e5 12. f3 Be6 13. a4 a5 14. b3 Nd7 15. Rac1 Bc5 16. Rfd1 Qb6 17. Kf2 f5 18. exf5 Bxf5 19. Bxc5 Nxc5 20. Qe3 Qa7 21. Na2 Bc2 22. Kf1 Bxd1 23. Rxd1 e4 24. Rb1 exf3 25. Bxf3 Rae8 26. Qd4 b6 27. Nc3 Qe7 28. Qd1 Qe3 29. Qc2 Nd3 30. Qe2 Qxe2+ 31. Nxe2 Ne5 32. Kf2 Re7 33. Rd1 Nxf3 34. gxf3 Rfe8 35. Rd2 Re3 36. Rb2 Rd3 37. Nf4 Rd1 38. Ne2 Red8 39. Ke3 R8d3+ 0-1

[Event "45th FIDE Womens Olympiad 2024"]
[Site "Budapest"]
[Date "2024.09.16"]
[Round "6.117"]
[White "Mendoza, Shania Mae"]
[Black "Cordero, Daniela"]
[Result "1-0"]
[ECO "C02"]
[WhiteElo "2013"]
[BlackElo "2017"]
[Annotator "NA"]
[PlyCount "125"]
[EventDate "2024.09.05"]
[EventType "team-tourn"]
[EventCountry "HUN"]
[SourceTitle "playchess.com"]
[Source "ChessBase"]
[SourceQuality "1"]
[WhiteTeam "Philippines"]
[BlackTeam "Bolivia"]
[WhiteTeamCountry "PHI"]
[BlackTeamCountry "BOL"]
[TimeControl "40/5400+30:1800+30"]

1. e4 e6 2. d4 d5 3. e5 c5 4. c3 Nc6 5. Nf3 Nge7 6. Bd3 cxd4 7. cxd4 Nf5 8. O-O Be7 9. Nc3 a6 10. Re1 g5 11. Be3 h5 12. Ne2 Nb4 13. Bb1 Bd7 14. a3 Nc6 15. b4 Rc8 16. Ra2 Na7 17. Bd3 Nb5 18. Qb3 g4 19. Nd2 Nxe3 20. fxe3 Bg5 21. Nf1 g3 22. Nexg3 Rc3 23. Qd1 h4 24. Nh1 Nxa3 25. Nf2 Qb6 26. Rb2 Nc4 27. Bxc4 Rxc4 28. Nd3 Be7 29. Qd2 Rg8 30. h3 Bb5 31. Nf4 Kd7 32. Nh2 Ba4 33. Nd3 Bb5 34. Ng4 Qd8 35. Qf2 Kc7 36. Qxf7 Rf8 37. Qg6 Rg8 38. Qxe6 Rc6 39. Nf4 Bc4 40. Qf5 Kb8 41. Qb1 Rb6 42. Nh5 Qc8 43. Nhf6 Rg7 44. Rc1 Bxf6 45. exf6 Rxg4 46. hxg4 Rxf6 47. Qh7 Qe6 48. Re1 Ka7 49. Qxh4 Rh6 50. Qg5 Rg6 51. Qf5 Qg8 52. Rf2 Rxg4 53. Rc1 Rg5 54. Qf6 Rg6 55. Qe7 Rg7 56. Qd6 Qe8 57. Qc5+ b6 58. Qf8 Qd7 59. e4 dxe4 60. Rxc4 e3 61. Re2 Qg4 62. Rc8 b5 63. Qc5+ 1-0

[Event "45th FIDE Womens Olympiad 2024"]
[Site "Budapest"]
[Date "2024.09.16"]
[Round "6.118"]
[White "Monroy G., Nataly A."]
[Black "Frayna, Janelle Mae"]
[Result "0-1"]
[ECO "D85"]
[WhiteElo "1939"]
[BlackElo "2216"]
[Annotator "TA"]
[PlyCount "72"]
[EventDate "2024.09.05"]
[EventType "team-tourn"]
[EventCountry "HUN"]
[SourceTitle "playchess.com"]
[Source "ChessBase"]
[SourceQuality "1"]
[WhiteTeam "Bolivia"]
[BlackTeam "Philippines"]
[WhiteTeamCountry "BOL"]
[BlackTeamCountry "PHI"]
[TimeControl "40/5400+30:1800+30"]

1. d4 Nf6 2. Nf3 g6 3. c4 Bg7 4. Nc3 d5 5. cxd5 Nxd5 6. e4 Nxc3 7. bxc3 c5 8. Be3 Qa5 9. Qd3 ({Better is} 9. Qd2 $11) 9... O-O $15 10. Be2 cxd4 11. Nxd4 {The position is equal.} Nc6 12. O-O Ne5 13. Qc2 Ng4 14. Bxg4 Bxg4 15. Rab1 Rab8 16. c4 Rfc8 17. Nb3 Qa4 18. Rfc1 b6 19. h3 Be6 {This pair of bishops is nice.} 20. Nd2 Qa6 21. Rb4 Rc6 22. Ra4 Qb7 23. Ra3 Rbc8 24. Qd3 $2 {This costs White the game.} (24. f4 $17) 24... Bb2 $1 $19 25. Rac3 Qc7 26. g3 Bxc1 27. Rxc1 Bxc4 28. Nxc4 Rxc4 29. Rd1 Rc3 30. Qd4 Qc4 31. Qe5 {[#] Hoping for Bh6.} Qe6 ({Worse is} 31... Qxa2 32. Bh6 f6 33. Qxe7 R3c7 34. Rd7 (34. Qxf6 Re8 $17) (34. Rd8+ Rxd8 35. Qxc7 Qa1+ 36. Kh2 f5 37. Qxd8+ Kf7 38. Qd7+ Kf6 39. Bg7+ Kg5 40. Qd2+ f4 41. Qd5+ Qe5 42. Qxe5#) 34... Rxd7 35. Qxd7) 32. Qd4 R3c4 33. Qd2 Rc2 34. Qd4 Qxh3 35. Qa4 Qh5 36. Rd5 {[#]} Rc1+ $1 {Weighted Error Value: White=0.57/Black=0.14 (very precise) .  Loses game:     	White=1     	---        Inaccurate:     	White=4     	Black=1      OK:         	White=4     	Black=11     Best:        	White=1     	Black=1      Brilliant:      	---       	Black=1} 0-1

[Event "45th FIDE Womens Olympiad 2024"]
[Site "Budapest"]
[Date "2024.09.16"]
[Round "6.119"]
[White "Fronda, Jan Jodilyn"]
[Black "Yepez Montenegro, Gloria Luz"]
[Result "1-0"]
[ECO "C03"]
[WhiteElo "2165"]
[BlackElo "1818"]
[Annotator "TA"]
[PlyCount "95"]
[EventDate "2024.09.05"]
[EventType "team-tourn"]
[EventCountry "HUN"]
[SourceTitle "playchess.com"]
[Source "ChessBase"]
[SourceQuality "1"]
[WhiteTeam "Philippines"]
[BlackTeam "Bolivia"]
[WhiteTeamCountry "PHI"]
[BlackTeamCountry "BOL"]
[TimeControl "40/5400+30:1800+30"]

1. e4 e6 2. d4 d5 3. Nd2 h6 4. Bd3 Nf6 5. e5 Nfd7 6. Ne2 c5 7. c3 Nc6 8. O-O {White is slightly better.} Qb6 9. Nf3 g5 (9... Be7 $142) 10. h3 $16 Be7 11. a3 h5 $2 (11... c4 $16) 12. Bxg5 $18 Bxg5 13. Nxg5 Rf8 $2 (13... h4 {keeps fighting.} 14. Qd2 Qd8) 14. Nf4 Ndxe5 15. dxe5 Nxe5 16. Re1 Qd6 17. Bb5+ Kd8 18. Qxh5 f6 {[#]} 19. Rxe5 $1 fxe5 (19... Qxe5 20. Qh6) 20. Ng6 {[%cal Og5e4] Threatens to win with Ne4!} Bd7 21. Nxf8 Qxf8 22. Nf7+ Ke7 23. Bxd7 (23. Nxe5 $142 {Threatening mate with Qh7+.} Be8 24. Qh7+ Kd6 25. Qxb7 Bxb5 26. Nf7+ Qxf7 27. Qxf7) 23... Qxf7 24. Qxf7+ Kxf7 {[%mdl 4096] Endgame. KRB-KR} 25. Re1 Kf6 26. Re3 Rd8 27. Rf3+ Ke7 28. Ba4 d4 29. cxd4 exd4 30. Bc2 c4 31. Kf1 b5 32. Be4 a5 33. Ke2 Rb8 34. g4 b4 35. a4 b3 36. g5 Rg8 37. h4 Kd6 38. Rg3 Ke5 39. Bb1 Kf4 40. g6 {[#] Hoping for Kd2.} e5 41. h5 {White threatens h6 and mate.} e4 42. h6 {White mates.} d3+ 43. Kd2 e3+ 44. fxe3+ Kxg3 45. h7 Rf8 46. g7 Rf2+ 47. Kc3 d2 48. g8=Q+ {Black did not feel at home in the position after the opening.   Weighted Error Value: White=0.38/Black=0.49.  Loses game:     	---       	Black=1      Mistake:       	---       	Black=2      Inaccurate:     	---       	Black=4      OK:         	White=15    	Black=3      Best:        	White=1     	---} (48. g8=B $2 {perishes.} d1=Q (48... d1=B $2 {loses.} 49. h8=Q $18) 49. Kxc4 Rh2 $19 (49... Qxb1 $2 50. h8=Q $19)) 1-0

[Event "45th FIDE Womens Olympiad 2024"]
[Site "Budapest"]
[Date "2024.09.16"]
[Round "6.120"]
[White "Molina, Jessica"]
[Black "Galas, Bernadette"]
[Result "1-0"]
[ECO "D36"]
[WhiteElo "1945"]
[BlackElo "2013"]
[Annotator "NA"]
[PlyCount "75"]
[EventDate "2024.09.05"]
[EventType "team-tourn"]
[EventCountry "HUN"]
[SourceTitle "playchess.com"]
[Source "ChessBase"]
[SourceQuality "1"]
[WhiteTeam "Bolivia"]
[BlackTeam "Philippines"]
[WhiteTeamCountry "BOL"]
[BlackTeamCountry "PHI"]
[TimeControl "40/5400+30:1800+30"]

1. d4 d5 2. c4 e6 3. Nc3 Nf6 4. Bg5 Be7 5. e3 c6 6. cxd5 exd5 7. Bd3 Nbd7 8. Qc2 O-O 9. Nge2 Re8 10. O-O Ne4 11. Bf4 Nxc3 12. Bxh7+ Kh8 13. Nxc3 g6 14. Bxg6 fxg6 15. Nxd5 Nf8 16. Be5+ Kh7 17. Nc7 Be6 18. f4 Bd6 19. Nxe8 Bxe5 20. dxe5 Qxe8 21. e4 Bf7 22. Rf3 Ne6 23. Qf2 Qe7 24. Rh3+ Kg8 25. Kh1 Nc5 26. Qc2 Rd8 27. Rf1 Rd4 28. Qc3 Rc4 29. Qe3 Rxe4 30. Qa3 b6 31. b4 Ne6 32. f5 gxf5 33. Qc1 Bg6 34. Qxc6 Kf7 35. Qxe4 Ng5 36. Rxf5+ Bxf5 37. Qxf5+ Kg7 38. Rg3 1-0